 Dungeon Crawl Stone Soup version 0.30-a0-368-g86fb4627a9 (webtiles) character file.

Game seed: 10179111391679643425

35277 Stossel the Skirmisher (level 13, -8/61 HPs)
             Began as a Spriggan Hunter on Nov 18, 2022.
             Was a High Priest of Fedhas.
             Killed from afar by a fire dragon (17 damage)
             ... with a blast of flame
             ... on level 5 of the Lair of Beasts.
             The game lasted 01:07:26 (17424 turns).

Stossel the Skirmisher (Spriggan Hunter)           Turns: 17424, Time: 01:07:26

Health: -8/61      AC:  5    Str:  7    XL:     13   Next: 46%
Magic:  24/24      EV: 34    Int: 11    God:    Fedhas [*****.]
Gold:   1012       SH:  5    Dex: 29    Spells: 19/26 levels left

rFire   + + .      SeeInvis +    a - +1 shortbow (freeze)
rCold   + + .      Faith    .    (shield currently unavailable)
rNeg    . . .      Spirit   .    r - +2 robe {rC+ rF+}
rPois   +          Reflect  +    (helmet restricted)
rElec   +          Harm     .    K - +0 cloak
rCorr   +          Rampage  .    (gloves unavailable)
Will    ++...                    (boots unavailable)
Stlth   ++++++....               R - amulet of reflection
HPRegen 0.30/turn                p - ring of poison resistance
MPRegen 0.19/turn                i - +6 ring of dexterity

@: resistant, very quick
A: very small, no large weapons, unfitting armour, see invisible, speed 3
a: Renounce Religion, Wall of Briars, Grow Ballistomycete, Overgrow, Grow Oklob


You were on level 5 of the Lair of Beasts.
You worshipped Fedhas.
Fedhas was extremely pleased with you.
You visited 3 branches of the dungeon, and saw 16 of its levels.
You also visited: Gauntlet.

You collected 1012 gold pieces.

Inventory:

Hand Weapons
 a - a +1 shortbow of freezing (weapon)
 b - a +2 dagger of venom
 y - a +1 dagger of draining
Missiles
 f - 24 poisoned darts
 v - 2 throwing nets
 I - 5 atropa-tipped darts
Armour
 c - a +0 robe
 r - a +2 robe of resistance (worn)
 K - a +0 cloak (worn)
 V - a +1 hat
Jewellery
 i - a +6 ring of dexterity (right hand)
 p - a ring of poison resistance (left hand)
 w - a +6 ring of intelligence
 H - a +4 ring of protection
 P - an amulet of regeneration
 R - an amulet of reflection (around neck)
Wands
 l - a wand of flame (5)
 n - a wand of charming (9)
 A - a wand of iceblast (7)
 J - a wand of polymorph (2)
 N - a wand of mindburst (4)
Scrolls
 h - 3 scrolls of immolation
 j - a scroll of enchant armour
 o - 3 scrolls of poison
 x - 2 scrolls of enchant weapon
 B - 2 scrolls of magic mapping
 C - a scroll of fog
 D - 3 scrolls of teleportation
 E - a scroll of acquirement {unknown}
 F - 5 scrolls of blinking
 M - a scroll of fear
 U - a scroll of amnesia {unknown}
Potions
 d - 2 potions of berserk rage
 e - 2 potions of magic
 g - 2 potions of might
 k - 4 potions of haste
 m - a potion of attraction
 q - 2 potions of heal wounds
 s - 3 potions of invisibility
 t - 2 potions of brilliance
 u - a potion of flight
 z - 10 potions of curing
 G - a potion of lignification
 L - a potion of ambrosia
 O - a potion of mutation


   Skills:
 - Level 4.0 Fighting
 + Level 14.8 Ranged Weapons
 + Level 12.9 Dodging
 - Level 11.4 Stealth
 - Level 7.0 Spellcasting
 - Level 8.0 Translocations
 + Level 4.8 Transmutations
 + Level 6.3 Invocations
 - Level 10.0 Evocations


You had 19 spell levels left.
You knew the following spells:

 Your Spells              Type           Power      Damage    Failure   Level
a - Apportation           Tloc           42%        N/A       1%          1
b - Passwall              Tmut/Erth      7%         N/A       10%         2
d - Petrify               Tmut/Erth      9%         N/A       54%         4

Your spell library contained the following spells:

 Spells                   Type           Power      Damage    Failure   Level
 Necrotise                Necr           12%        1d4       17%         1
 Summon Small Mammal      Summ           12%        N/A       17%         1
 Ensorcelled Hibernation  Hex/Ice        6%         N/A       26%         2
 Sublimation of Blood     Necr           3%         N/A       26%         2
 Swiftness                Air            3%         N/A       45%         3
 Vampiric Draining        Necr           3%         2d6       45%         3
 Irradiate                Conj/Tmut      4%         3d13      88%         5
 Agony                    Necr           3%         N/A       99%         5


Dungeon Overview and Level Annotations

Branches:
Dungeon (10/15)            Temple (1/1) D:5            Lair (5/5) D:9
 Shoals (0/4) Lair:3       Spider (0/4) Lair:2        Slime (0/5) Lair:5
Gauntlet (visited)
    Orc: D:9-12

Altars:
Ashenzari
Cheibriados
Dithmenos
Fedhas
Gozag
Hepliaklqana
Kikubaaqudgha
Makhleb
Nemelex Xobeh
Okawaru
Qazlal
Ru
Sif Muna
Trog
Uskayaw
Vehumet
Wu Jian
Xom
Yredelemnul
Zin
The Shining One

Annotations:
D:4 Eustachio
D:6 2 transporters, tinescath's ghost, novice TrBe
D:8 Joseph
Lair:2 2 transporters, benadryl's ghost, journeyman TrFi
Lair:4 2 runed translucent doors, bigduke15's ghost, journeyman KoHu
Lair:5 1 runed translucent door


Innate Abilities, Weirdness & Mutations

You are very small and have problems with some larger weapons.
You are too small for most types of armour.
You have supernaturally acute eyesight. (SInv)
You cover ground extremely quickly. (Speed+++)


Message History

The arrow barely misses the fire dragon.
Fire: a) +1 shortbow (freeze)
Press: ? - help, Q - select action, (/) - cycle Shift-Dir - straight line, f/p - fire dragon
Aim: a fire dragon (severely wounded, 78% to hit)
You shoot an arrow. The arrow hits the fire dragon.
The arrow freezes the fire dragon.
The fire dragon is severely wounded.
The fire dragon breathes flames at you. The blast of flame misses you.
Fire: a) +1 shortbow (freeze)
Press: ? - help, Q - select action, (/) - cycle Shift-Dir - straight line, f/p - fire dragon
Aim: a fire dragon (severely wounded, catching its breath, 78% to hit)
You shoot an arrow.
The arrow hits the fire dragon but does no damage.
The fire dragon is severely wounded.
Fire: a) +1 shortbow (freeze)
Press: ? - help, Q - select action, (/) - cycle Shift-Dir - straight line, f/p - fire dragon
Aim: a fire dragon (severely wounded, 78% to hit)
You shoot an arrow. The arrow hits the fire dragon.
The arrow freezes the fire dragon.
The fire dragon is almost dead.
Fire: a) +1 shortbow (freeze)
Press: ? - help, Q - select action, (/) - cycle Shift-Dir - straight line, f/p - fire dragon
Aim: a fire dragon (almost dead, 78% to hit)
You shoot an arrow.
The arrow barely misses the fire dragon.
Fire: a) +1 shortbow (freeze)
Press: ? - help, Q - select action, (/) - cycle Shift-Dir - straight line, f/p - fire dragon
Aim: a fire dragon (almost dead, 78% to hit)
You shoot an arrow.
The arrow hits the fire dragon but does no damage.
The fire dragon is almost dead.
The fire dragon breathes flames at you. The blast of flame hits you!
You resist.
* * * LOW HITPOINT WARNING * * *
You see here a +6 ring of strength.
The fire dragon breathes flames at you. The blast of flame hits you!
You resist.
You die...
Fedhas appreciates your contribution to the ecosystem.

.................................
...........†.....#.#.............
#...####..........)..............
#...# ####....##÷...............
#...# ###.##.#.#.............
##### #####.###...#....##.. ## ##
#.÷# ####....P###. #8#8# ##..##
#.#.#..## #. ≈## ##.####.@..#
##......###. ≈≈ #8.........#
#........#. ≈# ##....D....##
###........ ≈ ##..........##
##....... ### #...........≈#
##.##... ##8## ##...=......≈##
######... 8#..##
≈##..÷##....§≈##§§# ##... .....#
≈§§#.≈≈§#...§≈#§≈≈###.###
.....##≈≈≈§§≈..≈≈...§§§≈# #..#.>


You could see a fire dragon (catching breath).

Vanquished Creatures
  Rupert (Lair:4)
  3 hydras
  A catoblepas (Lair:1)
  A boulder beetle (Lair:5)
  4 two-headed ogres
  Nergalle (Lair:2)
  A lindwurm (Lair:5)
  9 elephants
  A black mamba (Lair:5)
  2 molten gargoyles (Lair:5)
  7 cane toads
  6 rime drakes
  7 komodo dragons
  A polar bear (Lair:3)
  2 trolls (D:9)
  26 blink frogs
  Sigmund (D:5)
  30 yaks
  5 wyverns
  3 steam dragons
  3 basilisks
  Menkaure (D:4)
  4 hell hounds (Lair:5)
  14 water moccasins
  2 ice beasts
  A sky beast (D:8)
  7 black bears
  4 ogres
  10 wolves
  A centaur (D:6)
  A kobold brigand (D:9)
  Blork the orc (D:4)
  13 bullfrogs
  A necrophage (D:5)
  2 scorpions
  15 killer bees
  4 howler monkeys
  4 lava snakes (Lair:5)
  3 orc priests
  4 hounds
  3 jellies
  2 orc wizards (D:3)
  An iguana (D:5)
  A hell rat (Lair:1)
  29 gnolls
  10 river rats (D:8)
  6 adders
  3 shadow imps
  2 white imps (D:7)
  An ufetubus (D:6)
  A worm (D:2)
  4 dart slugs
  33 orcs
  6 endoplasms
  A giant cockroach (D:2)
  2 goblins
  6 hobgoblins
  19 jackals
  5 quokkas
  6 ball pythons
  8 bats
  11 kobolds
  15 rats
  A butterfly (Lair:1)
  A toadstool (D:1)
384 creatures vanquished.

Vanquished Creatures (collateral kills)
  2 ballistomycete spores (Lair:4)
2 creatures vanquished.

Vanquished Creatures (others)
  82 fungi
  87 plants
  3 toadstools (D:1)
172 creatures vanquished.

Grand Total: 558 creatures vanquished

Notes
Turn   | Place    | Note
-------+----------+-------------------------------------------
     0 | D:1      | Stossel the Spriggan Hunter began the quest for the Orb.
     0 | D:1      | Reached XP level 1. HP: 10/10 MP: 2/2
   248 | D:1      | Reached XP level 2. HP: 15/15 MP: 3/3
   999 | D:2      | Reached XP level 3. HP: 18/18 MP: 4/4
  1237 | D:2      | Reached XP level 4. HP: 23/23 MP: 5/5
  1405 | D:2      | Found a faded altar of an unknown god.
  1744 | D:3      | Reached XP level 5. HP: 26/26 MP: 6/6
  1775 | D:3      | Found a broken altar of Ashenzari.
  1789 | D:3      | Found a shimmering altar of Xom.
  1789 | D:3      | Found a sacrificial altar of Ru.
  1790 | D:3      | Found a shimmering blue altar of Sif Muna.
  1910 | D:3      | Found a hazy altar of Hepliaklqana.
  1971 | D:3      | Reached skill level 5 in Ranged Weapons
  2026 | D:3      | Reached skill level 5 in Stealth
  2100 | D:3      | Noticed an ogre
  2162 | D:3      | Reached skill level 5 in Dodging
  2400 | D:3      | Reached XP level 6. HP: 30/30 MP: 7/7
  2601 | D:3      | Reached skill level 1 in Spellcasting
  2838 | D:3      | Reached XP level 7. HP: 35/35 MP: 11/11
  3505 | D:4      | Noticed Eustachio
  3518 | D:3      | Reached skill level 6 in Ranged Weapons
  3765 | D:4      | Noticed Blork the orc
  3816 | D:4      | Killed Blork the orc
  3991 | D:4      | Noticed Menkaure
  4149 | D:4      | Killed Menkaure
  4150 | D:4      | Reached XP level 8. HP: 22/39 MP: 14/16
  4357 | D:5      | Entered Level 5 of the Dungeon
  4417 | D:5      | Noticed Sigmund
  4441 | D:5      | Killed Sigmund
  4442 | D:5      | Reached skill level 7 in Ranged Weapons
  4442 | D:5      | Reached skill level 5 in Spellcasting
  4532 | D:5      | You fall into a shaft and drop 2 floors!
  4679 | D:6      | Found a transporter.
  4680 | D:6      | Noticed tinescath's ghost (novice TrBe)
  4685 | D:6      | Found a transporter.
  4737 | D:6      | Identified the +10 dire flail "Lorem Ipsum" {protect, *Slow
                  | rElec rN+++ Int+3}
  4737 | D:6      | Noticed a two-headed ogre
  4872 | D:6      | Found a burning altar of Makhleb.
  5704 | D:5      | Found a staircase to the Ecumenical Temple.
  5710 | Temple   | Entered the Ecumenical Temple
  5806 | Temple   | Became a worshipper of Fedhas Madash
  5986 | D:5      | Reached XP level 9. HP: 42/42 MP: 20/20
  6462 | D:6      | Reached skill level 8 in Ranged Weapons
  6618 | D:7      | Noticed a two-headed ogre
  6661 | D:7      | Killed a two-headed ogre
  6662 | D:7      | Reached skill level 10 in Dodging
  6674 | D:7      | Reached skill level 9 in Ranged Weapons
  7136 | D:8      | Noticed Joseph
  7290 | D:8      | Reached * piety under Fedhas
  7687 | D:8      | Noticed a two-headed ogre
  7763 | D:8      | Killed a two-headed ogre
  7764 | D:8      | Reached skill level 10 in Ranged Weapons
  7764 | D:8      | Reached XP level 10. HP: 49/49 MP: 21/21
  7938 | D:8      | Reached skill level 1 in Evocations
  8402 | D:9      | Reached ** piety under Fedhas
  8624 | D:9      | Noticed a two-headed ogre
  8658 | D:9      | Killed a two-headed ogre
  8659 | D:9      | Reached skill level 11 in Ranged Weapons
  8817 | D:9      | Reached skill level 5 in Evocations
  8829 | D:9      | Found a staircase to the Lair.
  9164 | D:9      | Found a snail-covered altar of Cheibriados.
  9177 | D:9      | Noticed a two-headed ogre
  9203 | D:9      | Killed a two-headed ogre
  9242 | D:10     | Entered Level 10 of the Dungeon
  9258 | Lair:1   | Entered Level 1 of the Lair of Beasts
  9303 | Lair:1   | Noticed a cane toad
  9321 | Lair:1   | Killed a cane toad
  9322 | Lair:1   | Reached XP level 11. HP: 53/53 MP: 22/22
  9391 | Lair:1   | Noticed a catoblepas
  9488 | Lair:1   | Reached skill level 10 in Stealth
  9565 | Lair:1   | Reached skill level 12 in Ranged Weapons
 10261 | Lair:1   | Reached *** piety under Fedhas
 10335 | Lair:1   | Learned a level 1 spell: Apportation
 10555 | Lair:1   | Reached skill level 1 in Translocations
 11232 | Lair:1   | Killed a catoblepas
 11333 | Lair:1   | Noticed an oklob plant
 11334 | Lair:1   | Noticed an oklob plant
 11334 | Lair:1   | Noticed an oklob plant
 11334 | Lair:1   | Noticed an oklob plant
 11348 | Lair:2   | Found a hole to the Spider Nest.
 11394 | Lair:2   | Reached skill level 5 in Translocations
 11469 | Lair:2   | Found a transporter.
 11476 | Lair:2   | Noticed Nergalle
 11647 | Lair:2   | Reached XP level 12. HP: 26/58 MP: 23/23
 11782 | Lair:2   | Reached skill level 13 in Ranged Weapons
 11782 | Lair:2   | Reached skill level 10 in Evocations
 11788 | Lair:2   | HP: 1/58 [rime drake/icy flash freeze (18)]
 12295 | Lair:2   | Found a transporter.
 12588 | Lair:2   | Noticed benadryl's ghost (journeyman TrFi)
 12683 | Lair:2   | Reached **** piety under Fedhas
 12784 | Lair:2   | Killed Nergalle
 13104 | Lair:3   | Noticed an eight-headed hydra
 13508 | Lair:3   | Reached skill level 1 in Invocations
 13741 | Lair:3   | Found a staircase to the Shoals.
 13908 | Lair:3   | Killed an eight-headed hydra
 14246 | Lair:4   | Found a large runed translucent door.
 14246 | Lair:4   | Found a large runed translucent door.
 14247 | Lair:4   | Noticed bigduke15's ghost (journeyman KoHu)
 14263 | Lair:4   | Noticed Rupert
 14398 | Lair:4   | Found a gate leading to a gauntlet.
 14399 | Lair:4   | You fall into a shaft and drop 1 floor!
 14399 | Lair:5   | Entered Level 5 of the Lair of Beasts
 14413 | Lair:5   | Identified the +8 hand axe of Fuocwuif {vorpal, *Slow Dex+7
                  | Stlth+}
 14426 | Lair:5   | Noticed a four-headed hydra
 14430 | Lair:5   | Noticed a four-headed hydra
 14542 | Gauntlet | Entered a Gauntlet
 14542 | Gauntlet | Noticed a death yak
 14542 | Gauntlet | Found a transporter.
 14543 | Gauntlet | Noticed a death yak
 14544 | Gauntlet | Noticed a death yak
 14544 | Gauntlet | Noticed a death yak
 14545 | Gauntlet | Found a transporter.
 14545 | Gauntlet | Noticed a hell hog
 14545 | Gauntlet | Noticed a death yak
 14546 | Gauntlet | Noticed a death yak
 14549 | Gauntlet | Found a transporter.
 14636 | Lair:4   | Reached skill level 14 in Ranged Weapons
 15164 | Lair:4   | Killed Rupert
 15165 | Lair:4   | Reached skill level 5 in Invocations
 15165 | Lair:4   | Reached XP level 13. HP: 61/61 MP: 24/24
 15168 | Lair:4   | Learned a level 2 spell: Passwall
 15671 | Lair:4   | Reached skill level 1 in Transmutations
 16070 | Lair:5   | Reached ***** piety under Fedhas
 16590 | Lair:5   | Found a runed translucent door.
 16593 | Lair:5   | Found a staircase to the Slime Pits.
 16593 | Lair:5   | Noticed an acid blob
 16785 | Lair:5   | Found a large runed translucent door.
 16957 | Lair:5   | Learned a level 4 spell: Petrify
 17071 | Lair:5   | Found a large runed translucent door.
 17077 | Lair:5   | Noticed a fire dragon
 17424 | Lair:5   | Killed from afar by a fire dragon

Illustrated notes

Levels and vault maps discovered:
D:1:      ldierk_water_garden, layout_basic
D:2:      layout_loops_ring, hellmonk_ecumenical_altar_blasted
D:3:      lemuel_castle_with_subvaults [lemuel_castle_interior_carwin_2],
          layout_basic, nicolae_overflow_quartered_altars, ashenzari_altar_1,
          nicolae_figureground_pulse
D:4:      layout_rooms, uniq_eustachio, uniq_menkaure, uniq_blork_the_orc
D:5:      layout_loops_ring, minmay_temple_entry_hall, uniq_sigmund
D:6:      layout_loops_corners, kennysheep_mini_moat, gammafunk_ghost_smash,
          nrook_loot_triangle, abandoned_shop
D:7:      layout_rooms
D:8:      layout_basic, reono_crystal_passage, dk_rats_in_the_wall, uniq_joseph
D:9:      layout_basic, lemuel_tele_altar, due_lair_maze_entry_diamond,
          item_on_display_a
D:10:     layout_loops_cross, mainiacjoe_overflow_alcove_1,
          nicolae_zen_rock_garden, uniq_josephine
Temple:   eino_temple_lava
Lair:1:   dpeg_oklob_gauntlet, layout_big_grid, lemuel_fruit_fields
Lair:2:   layout_cave_pods, dummy_spider_entry, nzn_ghost_randoct,
          lemuel_fruit_tree, uniq_nergalle
Lair:3:   layout_roguey, shoals_dummy_entry, grunt_megastairs_4
Lair:4:   layout_hall_layers, ebering_ghost_disaster_area,
          gauntlet_entry_generic, uniq_rupert
Lair:5:   cheibrodos_lair_end_hotspot, layout_gridlike, slime_entry_2

Skill      XL: |  1  2  3  4  5  6  7  8  9 10 11 12 13 |
---------------+----------------------------------------+-----
Stealth        | 2 3 4 5 9 11 | 11.4
Dodging        | 3 4 5 6 7 9 10 11 12 | 12.9
Fighting       | 2 4 |  4.0
Ranged Weapons | 5 6 7 10 11 12 14 | 14.8
Spellcasting   | 2 4 6 7 |  7.0
Evocations     | 6 9 10 | 10.0
Translocations | 5 8 |  8.0
Invocations    | 5 6 |  6.3
Transmutations | 4 |  4.8

Action                   |  1- 3 |  4- 6 |  7- 9 | 10-12 | 13-15 || total
-------------------------+-------+-------+-------+-------+-------++-------
Melee: Dagger            |     5 |     5 |    21 |   115 |     5 ||   151
       Punch             |       |       |       |     5 |       ||     5
 Fire: Shortbow          |    94 |   236 |   402 |   824 |   293 ||  1849
Invok: Grow Ballistomyce |       |       |       |       |     1 ||     1
Evoke: Wand              |       |       |     6 |    16 |     2 ||    24
  Use: Scroll            |       |       |    12 |    10 |     3 ||    25
       Potion            |       |       |       |     4 |     1 ||     5
 Stab: Sleeping          |       |       |     1 |       |       ||     1
Armor: Robe              |     3 |     6 |     5 |    12 |     4 ||    30
Dodge: Dodged            |    20 |    72 |   140 |   448 |    69 ||   749
Block: Other             |       |       |       |    12 |    15 ||    27

Table legend: (Time is in decaauts)
 A = Elapsed time spent in this place.
 B = Non-inter-level travel time spent in this place.
 C = Inter-level travel time spent in this place.
 D = Time resting spent in this place.
 E = Time spent auto-exploring this place.
 F = Levels seen in this place.
 G = Mean time per level.
                   A        B        C        D        E       F      G
               +--------+--------+--------+--------+--------+-----+--------+
         Total |  12346 |  11904 |    442 |   1352 |   5437 |  17 |  726.2 |
       Dungeon |   6803 |   6596 |    207 |    587 |   3506 |  10 |  680.3 |
        Temple |     64 |     63 |      1 |      0 |      9 |   1 |   64.0 |
          Lair |   5465 |   5232 |    233 |    764 |   1921 |   5 | 1093.0 |
      Gauntlet |     13 |     13 |      0 |      0 |      0 |   1 |   13.0 |
               +--------+--------+--------+--------+--------+-----+--------+

Top non-repeatable levels by time:
  Lair:1: 1416 daAuts
     D:3: 1337 daAuts
  Lair:2: 1195 daAuts
  Lair:4: 1149 daAuts
     D:9: 1001 daAuts
  Lair:5: 997 daAuts
     D:8: 830 daAuts
  Lair:3: 705 daAuts
     D:6: 695 daAuts
     D:2: 632 daAuts
     D:4: 620 daAuts
     D:1: 612 daAuts
     D:5: 609 daAuts
     D:7: 461 daAuts
  Temple: 64 daAuts
